AoeStats
← [NICE_ASS] BigMasi

Nomad

506697639Analyzed
3v3 RM · 19d ago on Sep 14, 2026· 42m 16s· 6 players
Game mode
Random Map
Map size
210×210
Population
200
Speed
Normal
Resources
Standard
Victory
Conquest
Starting age
Dark Age
Ending age
Imperial Age
RankedLock teamsTeams togetherTeam positionsShared explorationLock speedFull tech treeHidden civsTurbo modeCheats
Victory
Defeat
🇩🇪 Franks · Germany
1199
+15
🇨🇴 Koreans · Colombia
1197
+15
🇹🇷 Mongols · Türkiye
1184
+16
🇨🇭 Vietnamese · Switzerland
1283
-20
🇨🇭 Burgundians · Switzerland
1129
-13
🇨🇭 Italians · Switzerland
1121
-13
[UKB] Vincent Giovanni
9:30 Loom
16:08 Feudal Age
16:53 Double-Bit Axe
20:27 Horse Collar
25:41 Castle Age
23:36 Gold Mining
26:25 Cavalier
27:13 Scale Barding Armor
27:40 Forging
27:29 Fishing Lines
34:24 Fletching
35:00 Bodkin Arrow
hanibalX
5:16 Loom
15:52 Feudal Age
16:23 Double-Bit Axe
17:15 Wheelbarrow
16:23 Fishing Lines
19:03 Fletching
21:40 Castle Age
19:49 Padded Archer Armor
21:19 Gold Mining
22:49 Bow Saw
22:38 Bodkin Arrow
22:59 Leather Archer Armor
22:53 Thumb Ring
22:43 Gillnets
24:56 Crossbowman
26:38 Forging
26:29 Scale Mail Armor
31:25 Imperial Age
30:41 Ballistics
32:20 Iron Casting
31:41 Pikeman
32:52 Conscription
40:02 Chemistry
40:37 Ring Archer Armor
40:08 Bracer
41:21 Block Printing
41:27 Sanctity
41:48 Murder Holes
42:03 Masonry
41:54 Arrowslits
[NICE_ASS] BigMasi
5:16 Loom
5:39 Loom
15:51 Feudal Age
16:19 Double-Bit Axe
23:22 Castle Age
22:47 Stone Mining
24:10 Fletching
35:16 Forging
Akida
10:43 Loom
14:48 Feudal Age
19:34 Castle Age
17:43 Double-Bit Axe
18:33 Scale Barding Armor
19:19 Forging
22:23 Wheelbarrow
22:24 Husbandry
24:50 Hand Cart
25:48 Light Cavalry
26:53 Chain Barding Armor
27:09 Iron Casting
36:12 Imperial Age
35:24 Stone Mining
36:13 Cavalier
40:48 Chemistry
41:07 Padded Archer Armor
samuelgonzdiz1
12:37 Loom
15:14 Feudal Age
22:26 Castle Age
25:00 Fletching
25:04 Double-Bit Axe
27:19 Bow Saw
31:48 Horse Collar
33:32 Heavy Plow
38:38 Imperial Age
40:16 Conscription
41:22 Gold Mining
41:23 Stone Mining
41:25 Elite War Wagon
eneseymen8717
6:10 Loom
14:21 Feudal Age
14:46 Double-Bit Axe
15:02 Town Watch
15:53 Stone Mining
16:21 Fletching
16:26 Fishing Lines
18:35 Wheelbarrow
18:39 Horse Collar
27:45 Castle Age
28:51 Bodkin Arrow
29:10 Bow Saw
29:36 Stone Shaft Mining
31:41 Hand Cart
32:42 Murder Holes
33:05 Gold Mining
36:43 Imperial Age
38:23 Parthian Tactics
Connection lost

Rejoining the realm…

Still unreachable

The connection could not be restored.

Session expired

The server has moved on; the page needs a fresh start.